 Dungeon Crawl Stone Soup version 0.22.1-2-g9c5b331 (webtiles) character file.

2 Yuikono the Gusty (level 1, -2/17 HPs)
             Began as a Gnoll Wanderer on Nov 27, 2018.
             Killed from afar by a dart slug (4 damage)
             ... with a slug dart
             ... on level 1 of the Dungeon.
             The game lasted 00:01:27 (63 turns).

Yuikono the Gusty (Gnoll Wanderer)                    Turns: 63, Time: 00:01:28

Health: -2/17      AC:  2    Str: 15    XL:     1   Next: 30%
Magic:  6/6        EV: 11    Int: 12    God:
Gold:   0          SH:  4    Dex: 15    Spells: 9/9 levels left

rFire    . . .     SeeInvis .   e - +0 club
rCold    . . .     Gourm    .   c - +0 buckler
rNeg     . . .     Faith    .   d - +0 robe
rPois    .         Spirit   .   (no helmet)
rElec    .         Reflect  .   (no cloak)
rCorr    .         Harm     .   (no gloves)
MR       .....                  (no boots)
Stlth    +.........             (no amulet)
HPRegen  0.05/turn              (no ring)
MPRegen  0.10/turn              (no ring)

@: no status effects
A: distributed training, fangs 1, strong nose
a: no special abilities


You were on level 1 of the Dungeon.
You were not hungry.

You visited 1 branch of the dungeon, and saw 1 of its levels.

Inventory:

Hand Weapons
 e - a +0 club (weapon)
Missiles
 a - 8 poisoned needles
Armour
 c - a +0 buckler (worn)
 d - a +0 robe (worn)
Comestibles
 f - 2 rations


   Skills:
 + Level 2.3 Fighting
 + Level 0.0 Short Blades
 + Level 0.0 Long Blades
 + Level 0.0 Axes
 + Level 0.0 Maces & Flails
 + Level 0.0 Polearms
 + Level 0.0 Staves
 + Level 0.0 Slings
 + Level 4.4 Bows
 + Level 0.0 Crossbows
 + Level 0.0 Throwing
 + Level 0.0 Armour
 + Level 0.0 Dodging
 + Level 0.0 Stealth
 + Level 2.3 Shields
 + Level 0.0 Unarmed Combat
 + Level 4.8 Spellcasting
 + Level 0.0 Conjurations
 + Level 0.0 Hexes
 + Level 0.0 Charms
 + Level 0.0 Summonings
 + Level 0.0 Necromancy
 + Level 0.0 Translocations
 + Level 0.0 Transmutations
 + Level 0.0 Fire Magic
 + Level 0.0 Ice Magic
 + Level 5.3 Air Magic
 + Level 0.0 Earth Magic
 + Level 0.0 Poison Magic
 + Level 0.0 Invocations
 + Level 2.3 Evocations


You had 9 spell levels left.
You didn't know any spells.
Your spell library contained the following spells:

 Spells                   Type           Power        Failure   Level  Hunger
 Apportation              Tloc           #.....       26%         1    None
 Magic Dart               Conj           #...         26%         1    None
 Blink                    Tloc           N/A          36%         2    ##.....
 Call Imp                 Summ           #.......     36%         2    ##.....
 Slow                     Hex            #.......     36%         2    ##.....
 Mephitic Cloud           Conj/Pois/Air  #.......     36%         3    ###....
 Conjure Flame            Conj/Fire      #.......     58%         3    ###....
 Gell's Gravitas          Tloc           #.........   58%         3    ###....


Dungeon Overview and Level Annotations

Branches:
Dungeon (1/15)

Altars:


Innate Abilities, Weirdness & Mutations

Your experience applies equally to all skills.
You have very sharp teeth.
Your uncanny sense of smell can sniff out nearby items.


Message History

You hit the rat.
You kill the rat!
The dart slug bites you but does no damage.
You hit the dart slug.
The dart slug is severely wounded.
You block the hobgoblin's attack. The dart slug barely misses you.
The hobgoblin barely misses you.
You closely miss the hobgoblin. Your bite misses the hobgoblin.
You block the dart slug's attack. The hobgoblin hits you with a club.
* * * LOW HITPOINT WARNING * * *
You hit the dart slug.
The dart slug is severely wounded.
The dart slug closely misses you.
The hobgoblin hits you but does no damage.
You hit the dart slug.
The dart slug is almost dead.
The hobgoblin hits you but does no damage.
The dart slug launches a dart at you. The slug dart hits you!
You die...

........... #..........
## ##......... ...
......... #.####......#
## #.........%.#...
#........w......
##.......@g.....?
#......%....#....
.#.....>.....#.......#
........####.#.......#
..#.####.............#.
. #......#........
#.........#.....
#..............[
#...............


You could see a dart slug and a hobgoblin.

Vanquished Creatures
  A goblin (D:1)
  A rat (D:1)
2 creatures vanquished.

Notes
Turn   | Place    | Note
-------+----------+-------------------------------------------
     0 | D:1      | Yuikono the Gnoll Wanderer began the quest for the Orb.
     0 | D:1      | Yuikono set off with: a +0 buckler, a +0 robe, a +0 club, a
                  | ration
     0 | D:1      | Reached XP level 1. HP: 17/17 MP: 6/6
    63 | D:1      | Killed from afar by a dart slug

Action                   || total
-------------------------++-------
Melee: Club              ||    11
       Bite              ||     2
Armor: Robe              ||     1
Dodge: Dodged            ||     7
Block: Buckler           ||     3
